 Dungeon Crawl Stone Soup version 0.26-a0-466-g989023bd0d (webtiles) character file.

Game seed: 1925673359460918361

79809 Apogee the Severer (level 15, 0/136 HPs)
             Began as a Hill Orc Monk on Aug 2, 2020.
             Was the Champion of Fedhas.
             Killed from afar by a bog body (11 damage)
             ... with a bolt of cold
             ... on level 4 of the Swamp.
             The game lasted 00:42:06 (27973 turns).

Apogee the Severer (Hill Orc Monk)                 Turns: 27973, Time: 00:42:07

Health: 0/136      AC: 33    Str: 24      XL:     15   Next: 64%
Magic:  31/31      EV: 11    Int:  9 (10) God:    Fedhas [******]
Gold:   1487       SH: 14    Dex: 15 (16) Spells: 14/14 levels left

rFire    . . .     SeeInvis .   a - +5 war axe (drain)
rCold    + . .     Faith    .   i - +0 kite shield
rNeg     . . .     Spirit   .   I - +9 chain mail of Complete Protection {Str+3}
rPois    .         Reflect  .   O - +2 hat {MR+}
rElec    .         Harm     .   N - +2 cloak
rCorr    .         Clarity  +   t - +2 pair of gloves {Dex+3}
MR       ++...                  A - +0 pair of boots
Stlth    ..........             (no amulet)
HPRegen  0.32/turn              o - ring of protection from cold
MPRegen  0.22/turn              f - ring of magical power

@: lethally poisoned (0 -> -1), hasted, very quick
A: claws 1, clarity, deterioration 1
a: Wall of Briars, Grow Ballistomycete, Overgrow, Grow Oklob, Renounce Religion


You were on level 4 of the Swamp.
You worshipped Fedhas.
Fedhas was exalted by your worship.
You visited 3 branches of the dungeon, and saw 24 of its levels.
You also visited: Volcano.

You collected 1487 gold pieces.

Inventory:

Hand Weapons
 a - a +5 war axe of draining (weapon)
   (You took it off a wight on level 7 of the Dungeon)
 b - the +6 whip of Zianorph {vorpal, rPois rF- Int+10 Dex+3}
   (You found it on level 6 of the Lair of Beasts)

   It inflicts extra damage upon your enemies.
   It affects your intelligence (+10).
   It affects your dexterity (+3).
   It makes you vulnerable to fire.
   It protects you from poison.
 S - the +6 spear "Oxtiunuc" {drain, rElec}
   (You found it on level 3 of the Swamp)

   A truly terrible weapon, it drains the life of those it strikes.
   It insulates you from electricity.
Missiles
 w - 6 javelins (quivered)
Armour
 i - a +0 kite shield (worn)
   (You found it on level 1 of the Dungeon)
 t - a +2 pair of gloves of dexterity (worn)
   (You found it on level 13 of the Dungeon)
 A - a +0 pair of boots (worn)
   (You found it on level 7 of the Dungeon)
 I - the +9 chain mail of Complete Protection (worn) {Str+3}
   (You took it off an orc priest on level 6 of the Dungeon)

   It affects your strength (+3).
 N - a +2 cloak (worn)
   (You found it on level 10 of the Dungeon)
 O - a +2 hat of magic resistance (worn)
   (You took it off Gastronok on level 9 of the Dungeon)
 T - a scarf of invisibility
   (You found it on level 6 of the Lair of Beasts)
Jewellery
 c - the ring of Gerust {rElec rPois MP+9 Str+5 Slay-3}
   (You found it on level 6 of the Dungeon)

   [ring of magical power]

   It affects your strength (+5).
   It affects your accuracy and damage with ranged weapons and melee attacks
   (-3).
   It insulates you from electricity.
   It protects you from poison.
   It affects your magic capacity (+9).
 f - a ring of magical power (right hand)
   (You found it on level 3 of the Lair of Beasts)
 k - an uncursed ring of stealth
   (You found it on level 1 of the Dungeon)
 l - an uncursed ring of protection from magic
   (You found it on level 11 of the Dungeon)
 n - a +4 ring of protection
   (You found it on level 9 of the Dungeon)
 o - a ring of protection from cold (left hand)
   (You found it on level 7 of the Dungeon)
 J - a +6 ring of dexterity {unknown}
   (You found it on level 5 of the Lair of Beasts)
 Q - an uncursed ring of magical power
   (You found it on level 12 of the Dungeon)
Wands
 d - a wand of iceblast (19)
   (You took it off Joseph on level 9 of the Dungeon)
 q - a wand of enslavement (17)
   (You found it on level 13 of the Dungeon)
 v - a wand of digging (3)
   (You found it on level 8 of the Dungeon)
 x - a wand of acid (3)
   (You took it off an orc on level 6 of the Dungeon)
 K - a wand of clouds (4)
   (You found it on level 12 of the Dungeon)
Scrolls
 e - 14 scrolls of identify {@r1}
 g - 4 scrolls of amnesia
 h - 7 scrolls of remove curse {@r2}
 j - a scroll of enchant weapon
 m - 2 scrolls of fog
 p - 2 scrolls of magic mapping
 u - 5 scrolls of immolation {!r}
 y - a scroll of enchant armour
 B - 15 scrolls of teleportation {@r4}
 D - 2 scrolls of acquirement {unknown}
Potions
 s - 2 potions of flight
 z - 2 potions of berserk rage
 C - 3 potions of curing {@q1}
 E - a potion of ambrosia
 F - a potion of heal wounds {@q2}
 G - 2 potions of cancellation
 H - a potion of stabbing
 L - a potion of invisibility
 P - 2 potions of haste {@q3}
 R - a potion of might


   Skills:
 + Level 13.6 Fighting
 - Level 16.0 Axes
 - Level 15.0 Armour
 + Level 3.7 Dodging
 - Level 1.5 Stealth
 - Level 15.0 Shields
 - Level 10.0 Invocations


You had 14 spell levels left.
You didn't know any spells.
Your spell library contained the following spells:

 Spells                   Type           Power        Failure   Level
 Animate Skeleton         Necr           #.....       86%         1
 Corona                   Hex            #......      86%         1
 Foxfire                  Conj/Fire      #...         86%         1
 Magic Dart               Conj           #...         86%         1
 Pain                     Necr           #...         86%         1
 Shock                    Conj/Air       #...         86%         1
 Corpse Rot               Necr/Air       N/A          95%         2
 Ensorcelled Hibernation  Hex/Ice        #.....       95%         2
 Passwall                 Tmut/Erth      #.......     95%         2
 Searing Ray              Conj           #.....       95%         2
 Wereblood                Tmut           #.......     95%         2
 Confusing Touch          Hex            #.......     99%         3
 Dazzling Flash           Conj/Hex       #.....       99%         3
 Mephitic Cloud           Conj/Pois/Air  #.......     99%         3
 Static Discharge         Conj/Air       #.......     99%         3
 Stone Arrow              Conj/Erth      #.....       99%         3
 Tukima's Dance           Hex            #.......     99%         3
 Vampiric Draining        Necr           #.........   99%         3
 Animate Dead             Necr           #.........   100%        4
 Fulminant Prism          Conj/Hex       #.........   100%        4
 Iskenderun's Mystic Bla  Conj/Tloc      #.......     100%        4
 Petrify                  Tmut/Erth      #.......     100%        4
 Sticky Flame             Conj/Fire      #.......     100%        4
 Agony                    Necr           #.......     100%        5
 Blade Hands              Tmut           #.........   100%        5
 Fireball                 Conj/Fire      #.........   100%        5
 Irradiate                Conj/Tmut      #.........   100%        5
 Lightning Bolt           Conj/Air       #.........   100%        5
 Summon Forest            Summ/Tloc      #.........   100%        5
 Eringya's Noxious Bog    Tmut/Pois      #.........   100%        6
 Hydra Form               Tmut           #.........   100%        6
 Statue Form              Tmut/Erth      #........    100%        6
 Dragon Form              Tmut           #.........   100%        7
 Summon Hydra             Summ           #.........   100%        7
 Ignition                 Fire           #.........   100%        8
 Shatter                  Erth           #.........   100%        9
 Tornado                  Air            #.........   100%        9


Dungeon Overview and Level Annotations

Branches:
Dungeon (14/15)            Temple (0/1) D:6            Lair (6/6) D:9
  Swamp (4/4) Lair:4        Snake (0/4) Lair:4        Slime (0/5) Lair:5
    Orc (0/2) D:10         Vaults (0/5) D:13        Volcano (visited)

Altars:
Dithmenos
Fedhas
Kikubaaqudgha
Nemelex Xobeh
Okawaru
Ru
Sif Muna
Uskayaw
Xom
Yredelemnul
Jiyva

Shops:
D:8 (   D:9 ([   D:10 :(

Annotations:
D:6 2 runed translucent doors
D:14 3 runed translucent doors
Lair:2 Sonja


Innate Abilities, Weirdness & Mutations

You have sharp fingernails.
You possess an exceptional clarity of mind.
Your body sometimes deteriorates upon taking damage.


Message History

Throwing (i - inventory)
w - 7 javelins (quivered)
Aim: a six-headed hydra (almost dead, fleeing, lightly drained)
You throw a javelin.
The javelin pierces through the six-headed hydra but does no damage.
You hear a splash.
You feel sick.
You feel sick.
You feel sick.
The bog body hits you but does no damage.
You block the bog body's attack.
You feel sick.
You feel sick.
The bog body gestures at you while chanting.
The bolt of cold hits you! You resist.
* * * LOW HITPOINT WARNING * * *
Found a fuming amethyst potion.
You hit the six-headed hydra.
Thorny briars emerge from the ground!
You feel sick.
You feel sick.
You strike the helpless six-headed hydra from behind!
You whack the six-headed hydra!
You kill the six-headed hydra!
Fedhas accepts your kill.
You feel sick. The bog body casts a spell at you. The bolt of cold hits you!
You resist.
* * * LOW HITPOINT WARNING * * *
You sense an unholy aura.
a - a +5 war axe of draining (weapon)
You feel sick.
You slash the bog body!
You feel sick.
The bog body hits you but does no damage.
The bog body touches you but does no damage.
You slice the bog body!! You slash the bog body! You slice the bog body!!
You destroy the bog body!
Fedhas accepts your kill.
You feel sick.
You feel sick.
You feel sick.
The briar patch crumbles away.
You feel sick.
Roots burst forth from the earth!
You feel sick.
A bog body comes into view.
The bog body points at you and mumbles some strange words.
The bolt of cold hits you! You resist.
You die...
Fedhas appreciates your contribution to the ecosystem.

*♣.....§≈≈≈....♣**≈,≈,,** *≈
*.≈..≈...≈≈..≈≈♣ **,,≈** *P
**♣.♣.♣≈.....≈≈.♣♣♣***** ♣♣P
**,♣♣♣♣..≈.≈..≈.≈≈≈♣♣♣♣♣♣♣♣♣PP
*,,≈*..♣)..≈≈.≈.≈≈≈≈♣♣.≈♣♣..PP
**,,,≈..≈≈...≈.≈≈≈......≈.≈.≈PP
*,,,,,,.≈..≈≈.≈≈.≈.≈...§.≈..≈PP
***,,≈,,,..≈≈≈......≈.≈≈≈.....≈PP
*≈≈,,,≈,,..≈.≈..@≈≈≈....≈≈≈.≈...P
≈,,,*,,,≈.≈.≈..§≈........≈.≈...PP
,,***,,,,≈.≈○○.^.§.≈..........≈PP
,***,,,*,..n≈≈......≈≈≈......(.PP
** **≈***≈.≈≈..≈...≈....≈.≈..≈..≈
****,≈..≈.≈≈≈.≈≈≈≈..≈..≈≈..≈.
**....≈....≈.≈...≈§...≈.≈≈
*≈.≈..≈...≈..≈........§.≈
**≈......≈.≈..≈....≈...≈≈


You could see a bog body.

Vanquished Creatures
  Gastronok (D:9)
  3 vault guards (D:13)
  11 hydras
  5 alligators
  15 death yaks
  2 unseen horrors
  A spriggan druid (Swamp:3)
  4 ugly things
  A wolf spider (Lair:6)
  2 manticores
  A deep elf mage (D:12)
  16 elephants
  A cyclops (D:11)
  Joseph (D:9)
  6 black mambas (Lair:6)
  A guardian serpent (Lair:6)
  16 cane toads
  An efreet (D:13)
  A gargoyle (D:13)
  7 komodo dragons
  2 rime drakes
  3 trolls
  7 hornets
  4 tyrant leeches
  3 polar bears (Lair:6)
  6 bog bodies
  A meliai zombie (D:13)
  9 blink frogs
  5 slime creatures (D:13)
  11 dream sheep
  7 hippogriffs
  5 spriggans
  31 yaks
  13 wyverns
  2 shadows
  A redback (Lair:6)
  8 humans (D:13)
  A fire bat (Volcano)
  2 wraiths
  A basilisk (Lair:2)
  3 vampire mosquitoes (Swamp:2)
  8 nagas (Lair:4)
  7 swamp worms
  2 acid dragons
  21 water moccasins
  A sky beast (D:11)
  7 porcupines
  A swamp drake (Swamp:3)
  8 orc warriors
  2 black bears
  An ice beast (D:9)
  A hornet zombie (D:13)
  2 eyes of draining (D:13)
  15 wolves
  3 phantoms
  A necrophage (D:9)
  9 ogres
  7 centaurs
  12 crocodiles
  3 big kobolds
  A gnoll sergeant (D:7)
  17 bullfrogs
  A water moccasin zombie (D:9)
  3 scorpions
  13 killer bees
  3 howler monkeys
  8 wights
  8 electric eels
  4 bullfrog zombies
  3 quasits
  7 jellies
  9 hounds
  20 orc priests
  2 bullfrog skeletons
  A centaur skeleton (D:8)
  Natasha (twice) (D:4)
  Terence (D:2)
  2 iguanas
  5 hell rats (Lair:5)
  19 orc wizards
  13 worker ants
  A hound zombie (D:8)
  2 hound skeletons
  19 adders
  9 gnolls (D:7)
  2 white imps
  3 ufetubi
  3 oozes
  2 adder zombies
  3 worms
  2 leopard geckos
  59 orcs
  8 giant cockroaches
  5 goblins
  3 hobgoblins
  7 jackals (D:4)
  7 quokkas
  7 ball pythons
  4 bats
  A frilled lizard (D:2)
  19 kobolds
  2 leopard gecko skeletons
  3 quokka skeletons
  6 rats
  A spectral orc (D:6)
652 creatures vanquished.

Vanquished Creatures (others)
  A thorn hunter (Swamp:4)
  A very ugly thing (Swamp:1)
  2 shambling mangroves
  A spriggan (Swamp:1)
  2 swamp dragons
  4 oklob plants (Lair:6)
  4 hornets
  A human (D:13)
  A crocodile (Lair:6)
  3 briar patches (Swamp:4)
  20 fungi
  27 plants
67 creatures vanquished.

Grand Total: 719 creatures vanquished

Notes
Turn   | Place    | Note
-------+----------+-------------------------------------------
     0 | D:1      | Apogee the Hill Orc Monk began the quest for the Orb.
     0 | D:1      | Reached XP level 1. HP: 19/19 MP: 1/1
   455 | D:1      | Reached XP level 2. HP: 21/27 MP: 2/2
   869 | D:2      | Found a blossoming altar of Fedhas.
  1164 | D:2      | Noticed Terence
  1190 | D:2      | Killed Terence
  1190 | D:2      | Reached skill level 5 in Axes
  1190 | D:2      | Reached XP level 3. HP: 12/33 MP: 3/3
  1778 | D:2      | Found a shimmering blue altar of Sif Muna.
  1851 | D:2      | Found a hide-covered altar of Uskayaw.
  1993 | D:3      | Reached XP level 4. HP: 37/41 MP: 4/4
  2186 | D:2      | Reached skill level 1 in Shields
  2414 | D:2      | Reached skill level 6 in Axes
  2425 | D:2      | Reached XP level 5. HP: 21/47 MP: 5/5
  3152 | D:4      | Reached skill level 5 in Fighting
  3240 | D:4      | Reached XP level 6. HP: 56/56 MP: 6/6
  3247 | D:4      | Reached skill level 7 in Axes
  3523 | D:4      | Noticed Natasha
  3534 | D:4      | Killed Natasha
  3930 | D:4      | Reached skill level 8 in Axes
  3930 | D:4      | Reached XP level 7. HP: 62/62 MP: 7/7
  4136 | D:4      | Noticed Natasha
  4158 | D:4      | Killed Natasha
  4432 | D:5      | Entered Level 5 of the Dungeon
  5031 | D:5      | You fall into a shaft and drop 2 floors!
  5127 | D:7      | Reached skill level 9 in Axes
  5129 | D:7      | Reached XP level 8. HP: 20/71 MP: 8/8
  5551 | D:7      | Reached skill level 10 in Axes
  6031 | D:7      | Reached skill level 5 in Shields
  6215 | D:7      | Reached skill level 1 in Armour
  6454 | D:7      | Reached XP level 9. HP: 79/79 MP: 9/9
  6459 | D:7      | Reached skill level 11 in Axes
  6969 | D:8      | Found an ancient bone altar of Kikubaaqudgha.
  7000 | D:8      | Noticed a hornet
  7013 | D:8      | Killed a hornet
  7204 | D:8      | Found Jumal's Weapon Boutique.
  7400 | D:8      | Found a sparkling altar of Nemelex Xobeh.
  7450 | D:8      | Found an iron altar of Okawaru.
  7596 | D:8      | Reached skill level 12 in Axes
  8730 | D:6      | Identified the +9 chain mail of Complete Protection {Str+3}
  8742 | D:6      | Reached XP level 10. HP: 47/90 MP: 10/10
  9209 | D:6      | Found a large runed translucent door.
  9209 | D:6      | Found a large runed translucent door.
  9216 | D:6      | Noticed a manticore
  9225 | D:6      | Found a large runed translucent door.
  9225 | D:6      | Found a large runed translucent door.
  9296 | D:6      | Found a staircase to the Ecumenical Temple.
  9370 | D:6      | Reached skill level 13 in Axes
  9490 | D:2      | Became a worshipper of Fedhas Madash
  9490 | D:2      | Reached * piety under Fedhas
  9490 | D:2      | Reached ** piety under Fedhas
  9817 | D:6      | Reached skill level 5 in Armour
  9845 | D:6      | Identified the Compendium of Battle Magic
  9977 | D:6      | Found a basalt altar of Yredelemnul.
 10147 | D:6      | Killed a manticore
 10234 | D:6      | Got a brightly glowing amber ring
 10237 | D:6      | Identified the ring of Gerust {rElec rPois MP+9 Str+5
                  | Slay-3} (You found it on level 6 of the Dungeon)
 10455 | D:9      | Noticed Joseph
 10471 | D:9      | Killed Joseph
 10511 | D:9      | Reached skill level 14 in Axes
 10711 | D:9      | Noticed Gastronok
 10717 | D:9      | Reached skill level 10 in Fighting
 10732 | D:9      | Killed Gastronok
 10732 | D:9      | Reached XP level 11. HP: 45/99 MP: 11/11
 11198 | D:9      | Found Qemab's Weapon Shop.
 11239 | D:9      | Noticed a death yak
 11240 | D:9      | Noticed a death yak
 11240 | D:9      | Noticed a death yak
 11241 | D:9      | Noticed a death yak
 11244 | D:9      | Noticed a death yak
 11244 | D:9      | Noticed a death yak
 11251 | D:9      | Reached *** piety under Fedhas
 11267 | D:9      | Killed a death yak
 11274 | D:9      | Found a shimmering altar of Xom.
 11274 | D:9      | Found a hide-covered altar of Uskayaw.
 11274 | D:9      | Found a snail-covered altar of Cheibriados.
 11274 | D:9      | Found a sparkling altar of Nemelex Xobeh.
 11274 | D:9      | Found a shimmering altar of Xom.
 11274 | D:9      | Found a shadowy altar of Dithmenos.
 11468 | D:9      | Found a sacrificial altar of Ru.
 11493 | D:9      | Got a bloodstained falchion
 11616 | D:9      | Found a staircase to the Lair.
 11633 | D:9      | Killed a death yak
 11985 | D:9      | Gained mutation: You have sharp fingernails. [potion of
                  | mutation]
 11985 | D:9      | Gained mutation: Your body sometimes deteriorates upon
                  | taking damage. [potion of mutation]
 11985 | D:9      | Gained mutation: You possess an exceptional clarity of
                  | mind. [potion of mutation]
 11997 | D:9      | Killed a death yak
 12004 | D:9      | Killed a death yak
 12004 | D:9      | Reached skill level 15 in Axes
 12016 | D:9      | Killed a death yak
 12023 | D:9      | Killed a death yak
 12023 | D:9      | Reached skill level 10 in Shields
 12379 | D:9      | Found Tetuupic's Antique Armour Shoppe.
 12435 | Lair:1   | Entered Level 1 of the Lair of Beasts
 12445 | Lair:1   | Reached XP level 12. HP: 106/106 MP: 12/12
 12629 | Lair:1   | Noticed a seven-headed hydra
 12639 | Lair:1   | Killed a seven-headed hydra
 13239 | Lair:2   | Found an ancient bone altar of Kikubaaqudgha.
 13503 | Lair:2   | Noticed Sonja
 13639 | Lair:3   | Reached **** piety under Fedhas
 13669 | Lair:3   | Reached skill level 16 in Axes
 13705 | Lair:3   | Found a dark tunnel.
 13710 | Volcano  | Entered a volcano
 14302 | Lair:3   | Noticed an eight-headed hydra
 14312 | Lair:3   | Killed an eight-headed hydra
 14312 | Lair:3   | Reached skill level 10 in Armour
 14887 | Lair:3   | Noticed a six-headed hydra
 14896 | Lair:3   | Killed a six-headed hydra
 15430 | Lair:4   | Found a staircase to the Swamp.
 15820 | Lair:4   | Reached XP level 13. HP: 110/113 MP: 13/13
 16207 | Lair:4   | Found a staircase to the Snake Pit.
 16222 | Lair:4   | Reached ***** piety under Fedhas
 17095 | D:10     | Entered Level 10 of the Dungeon
 17095 | D:10     | Found Eleycko's Book Boutique.
 17578 | D:10     | Found Gedy's Weapon Shoppe.
 17579 | D:10     | Found a staircase to the Orcish Mines.
 18701 | D:11     | Identified the Incunabulum of Changing
 18704 | D:11     | Got a polished chain mail
 18705 | D:11     | Identified the +7 chain mail "Zuled" {MR+ Int+4 Dex-4
                  | Stlth+} (You found it on level 11 of the Dungeon)
 20276 | D:13     | Reached ****** piety under Fedhas
 21278 | D:13     | Noticed a vault guard
 21280 | D:13     | Noticed a vault guard
 21281 | D:13     | Noticed a vault guard
 21314 | D:13     | Killed a vault guard
 21315 | D:13     | Killed a vault guard
 21315 | D:13     | Reached XP level 14. HP: 86/121 MP: 14/14
 21503 | D:13     | Found a gate to the Vaults.
 21704 | D:14     | Found a runed translucent gate.
 21705 | D:14     | Found a runed translucent gate.
 21711 | D:14     | Found a runed translucent gate.
 22519 | Lair:5   | Reached skill level 15 in Shields
 23321 | Lair:5   | Reached skill level 15 in Armour
 23343 | Lair:5   | Reached skill level 1 in Invocations
 23801 | Lair:5   | Found a viscous altar of Jiyva.
 23802 | Lair:5   | Found a staircase to the Slime Pits.
 23971 | Lair:6   | Entered Level 6 of the Lair of Beasts
 24329 | Lair:6   | Reached skill level 5 in Invocations
 24754 | Lair:6   | Reached XP level 15. HP: 47/132 MP: 20/20
 25984 | Lair:6   | Got a crude whip
 26195 | Lair:6   | Identified the +6 whip of Zianorph {vorpal, rPois rF-
                  | Int+10 Dex+3} (You found it on level 6 of the Lair of
                  | Beasts)
 26309 | Swamp:1  | Entered Level 1 of the Swamp
 26696 | Swamp:2  | Noticed a thorn hunter
 27212 | Swamp:2  | Reached skill level 10 in Invocations
 27691 | Swamp:3  | Got an ichor-stained spear
 27708 | Swamp:4  | Entered Level 4 of the Swamp
 27723 | Swamp:3  | Identified the +6 spear "Oxtiunuc" {drain, rElec} (You
                  | found it on level 3 of the Swamp)
 27952 | Swamp:4  | Killed a thorn hunter
 27973 | Swamp:4  | Killed from afar by a bog body

Illustrated notes

Levels and vault maps discovered:
D:1:      kennysheep_arrival_seaside, layout_basic
D:2:      layout_basic, overflow_temple_1_default,
          lemuel_coloured_pillars_altar, grunt_ministairs_8,
          lemuel_blue_sif_altar, uniq_terence
D:3:      layout_basic
D:4:      layout_basic, uniq_natasha
D:5:      layout_cave_pools
D:6:      layout_rooms, yredelemnul_forgotten_temple_becter,
          minmay_temple_entry_oklob, minmay_hollow_rounded_squares
D:7:      layout_basic
D:8:      layout_layer_cave, nemelex_xobeh_ov_fountains_minmay,
          overflow_temple_1_default, okawaru_trees_2, serial_shops,
          nicolae_shop_waterfront, moated_statue
D:9:      layout_basic, nicolae_ru_awakened_eye, doesnt_xom_only_xom,
          dpeg_lair_monsters, serial_shops, shop, kennysheep_little_box,
          uniq_joseph, uniq_gastronok
D:10:     layout_basic, orc_david_3, serial_shops, nicolae_shop_trees
D:11:     layout_roguey, minmay_radiant
D:12:     layout_long_grid, introduction_to_nature_2
D:13:     layout_grid_maze, ximxim_vaults_locker_room, serial_park_tiny_pond
D:14:     minmay_connected_triangles_in_corner, layout_cave_pools,
          ebering_ghost_gozag, serial_park, serial_park_square1
          [serial_park_minivault_5x5_1], serial_park_avenue1,
          serial_park_tiny_2, ebering_dispersal_statue_hall, minivault_13
Lair:1:   layout_cave_pods, infiniplex_staircase_pool
Lair:2:   layout_misc_corridors, basic_altar, uniq_sonja
Lair:3:   layout_cellular_growth, enter_volcano_4, gauntlet_entry_generic,
          wad_woods_02, grunt_megastairs_2, serial_bayou_shore_a
Lair:4:   layout_regular_city, nicolae_swamp_entry_splash_gauntlet,
          minmay_snake_entry_guardpost_large
Lair:5:   layout_cave_pods, dpeg_slime_entry_enclosed_altar, st_stairs_13,
          lemuel_fruit_tree
Lair:6:   hangedman_lair_tendril_chambers, layout_small_grid,
          cheibrodos_lair_lostbears, minmay_lair_oklob_chamber
Swamp:1:  layout_basic_swamp, serial_swamp_ruin, evilmike_swamp_ruin_house_5,
          evilmike_swamp_ruin_house_4
Swamp:2:  layout_falls_marsh, evilmike_swamp_ruin_house_3, swamp_pool2
Swamp:3:  layout_basic_swamp, nicolae_swamp_very_dense_foliage
Swamp:4:  swamp_basic_johnstein, layout_basic_swamp

Skill      XL: |  1  2  3  4  5  6  7  8  9 10 11 12 13 14 15 |
---------------+----------------------------------------------+-----
Fighting       | 4 5 6 7 8 10 11 13 | 13.6
Axes           | 5 6 8 9 10 12 14 15 16 | 16.0
Shields        | 1 2 3 4 5 6 8 10 12 14 15 | 15.0
Armour         | 1 4 7 8 11 13 15 | 15.0
Invocations    | 7 10 | 10.0
Dodging        | 3 |  3.7
Stealth        | |  1.5

Action                   |  1- 3 |  4- 6 |  7- 9 | 10-12 | 13-15 || total
-------------------------+-------+-------+-------+-------+-------++-------
Melee: Hand axe          |    95 |   199 |   173 |       |       ||   467
       War axe           |       |       |   243 |   594 |  1132 ||  1969
       Whip              |       |       |       |    18 |    89 ||   107
       Spear             |       |       |       |       |     9 ||     9
Throw: Javelin           |       |       |     5 |       |     1 ||     6
Evoke: Wand              |       |       |       |     5 |       ||     5
  Use: Potion            |       |     2 |     4 |     8 |     3 ||    17
       Scroll            |       |       |       |    18 |     6 ||    24
 Stab: Distracted        |     1 |       |       |       |       ||     1
       Sleeping          |       |     1 |       |       |       ||     1
       Fleeing           |       |       |       |       |     1 ||     1
Armor: Robe              |    12 |       |       |       |       ||    12
       Scale mail        |    19 |    86 |   127 |       |       ||   232
       Skin              |       |       |     9 |       |       ||     9
       Plate armour      |       |       |   111 |    19 |       ||   130
       Chain mail        |       |       |       |   220 |   575 ||   795
Dodge: Dodged            |    55 |    73 |   138 |   144 |   344 ||   754
Block: Kite shield       |     9 |    84 |   215 |   293 |   739 ||  1340

Table legend: (Time is in decaauts)
 A = Elapsed time spent in this place.
 B = Non-inter-level travel time spent in this place.
 C = Inter-level travel time spent in this place.
 D = Time resting spent in this place.
 E = Time spent auto-exploring this place.
 F = Levels seen in this place.
 G = Mean time per level.
                   A        B        C        D        E       F      G
               +--------+--------+--------+--------+--------+-----+--------+
         Total |  27672 |  26351 |   1321 |   5222 |  16771 |  25 | 1106.9 |
       Dungeon |  17331 |  16424 |    907 |   2992 |  10686 |  14 | 1237.9 |
          Lair |   8162 |   7803 |    359 |   1290 |   5415 |   6 | 1360.3 |
         Swamp |   1622 |   1568 |     54 |    595 |    612 |   4 |  405.5 |
       Volcano |    555 |    555 |      0 |    345 |     57 |   1 |  555.0 |
               +--------+--------+--------+--------+--------+-----+--------+

Top non-repeatable levels by time:
  Lair:6: 2161 daAuts
     D:9: 2113 daAuts
    D:13: 1931 daAuts
  Lair:5: 1811 daAuts
     D:8: 1798 daAuts
     D:7: 1776 daAuts
  Lair:4: 1668 daAuts
     D:2: 1496 daAuts
     D:6: 1383 daAuts
     D:4: 1369 daAuts
  Lair:3: 1345 daAuts
    D:10: 1153 daAuts
    D:12: 1027 daAuts
     D:1: 873 daAuts
     D:3: 866 daAuts
